BR (22 & UNDER)
AMITY GARDENS WESTERNERS @ GILBERT FIRE FIGHTERS
09/12/2028
 
TOP OF THE 1ST
Amity Gardens Westerners batting - Pitching for Gilbert Fire Fighters : LHP Jesús Acosta
Pitching: LHP Jesús Acosta
Batting: RHB Mel Wells 0-0: Called Strike
0-1: Swinging Strike
0-2: Ground out 6-3 (Groundball, 6)
Batting: RHB Pat Johnston 0-0: Called Strike
0-1: Foul Ball, location: 2F
0-2: DOUBLE (Line Drive, 78XD)
Batting: SHB Chris Barrett 0-0: Called Strike
0-1: Called Strike
0-2: DOUBLE (Line Drive, 7LM)
Pat Johnston scores
Batting: LHB Eddie Nealon 0-0: Ball
1-0: Ball
2-0: Ball
3-0: Fly out, F7 (Flyball, 7S)
Batting: RHB Jonathon García 0-0: Called Strike
0-1: Ball
1-1: Ground out 6-3 (Groundball, 6)
Top of the 1st over - 1 run(s), 2 hit(s), 0 error(s), 1 left on base; Amity Gardens 1 - Gilbert 0
BOTTOM OF THE 1ST
Gilbert Fire Fighters batting - Pitching for Amity Gardens Westerners : RHP Corey Brown
Pitching: RHP Corey Brown
Batting: RHB Ramón Maldonado 0-0: Ball
1-0: Called Strike
1-1: Called Strike
1-2: Ball
2-2: Ball
3-2: Strikes out looking
Batting: LHB Mark Sanders 0-0: Called Strike
0-1: Ball
1-1: SINGLE (Groundball, 6MD)
Batting: LHB Matt Moore 0-0: Ball
1-0: Fly out, F6 (Flyball, 56D)
Batting: RHB Bill Salinas 0-0: Ball
Mark Sanders is caught stealing 2nd base
Bottom of the 1st over - 0 run(s), 1 hit(s), 0 error(s), 0 left on base; Amity Gardens 1 - Gilbert 0
TOP OF THE 2ND
Amity Gardens Westerners batting - Pitching for Gilbert Fire Fighters : LHP Jesús Acosta
Batting: RHB Carlos Dumenigo 0-0: Called Strike
0-1: Ball
1-1: Swinging Strike
1-2: Strikes out swinging, 2-3 out at first.
Batting: RHB Gustavo Todd 0-0: Called Strike
0-1: Ball
1-1: Ball
2-1: Ground out 3-1 (Groundball, 34)
Batting: RHB Jorge García 0-0: Ball
1-0: Called Strike
1-1: Swinging Strike
1-2: Ball
2-2: Foul Ball, location: 2F
2-2: Strikes out swinging
Top of the 2nd over - 0 run(s), 0 hit(s), 0 error(s), 0 left on base; Amity Gardens 1 - Gilbert 0
BOTTOM OF THE 2ND
Gilbert Fire Fighters batting - Pitching for Amity Gardens Westerners : RHP Corey Brown
Batting: RHB Bill Salinas 0-0: Called Strike
0-1: Swinging Strike
0-2: Ground out 5-3 (Groundball, 5)
Batting: SHB José Salazar 0-0: Ball
1-0: Swinging Strike
1-1: Ball
2-1: SINGLE (Groundball, 4S) (infield hit)
Batting: RHB John Field 0-0: Ball
1-0: Ball
2-0: Ground out 5-3 (Groundball, 56S)
José Salazar to second
Batting: RHB Jesús Acosta 0-0: Ball
1-0: Ground out 4-3 (Groundball, 4M)
Bottom of the 2nd over - 0 run(s), 1 hit(s), 0 error(s), 1 left on base; Amity Gardens 1 - Gilbert 0
TOP OF THE 3RD
Amity Gardens Westerners batting - Pitching for Gilbert Fire Fighters : LHP Jesús Acosta
Batting: RHB Tomás Rivera 0-0: Called Strike
0-1: Ground out 6-3 (Groundball, 6)
Batting: RHB Mel Wells 0-0: Called Strike
0-1: Ball
1-1: Called Strike
1-2: Foul Ball, location: 2F
1-2: Ground out 6-3 (Groundball, 6)
Batting: RHB Pat Johnston 0-0: Called Strike
0-1: Fly out, F9 (Flyball, 9)
Top of the 3rd over - 0 run(s), 0 hit(s), 0 error(s), 0 left on base; Amity Gardens 1 - Gilbert 0
BOTTOM OF THE 3RD
Gilbert Fire Fighters batting - Pitching for Amity Gardens Westerners : RHP Corey Brown
Batting: RHB Iván Romero 0-0: Ball
1-0: Foul Ball, location: 2F
1-1: Foul Ball, location: 2F
1-2: Ball
2-2: Ball
3-2: Strikes out looking
Batting: RHB Alfonso Santiago 0-0: Ground out 5-3 (Groundball, 56)
Batting: RHB Ramón Maldonado 0-0: Called Strike
0-1: Ground out 6-3 (Groundball, 6S)
Bottom of the 3rd over - 0 run(s), 0 hit(s), 0 error(s), 0 left on base; Amity Gardens 1 - Gilbert 0
TOP OF THE 4TH
Amity Gardens Westerners batting - Pitching for Gilbert Fire Fighters : LHP Jesús Acosta
Batting: SHB Chris Barrett 0-0: Ball
1-0: Ball
2-0: Called Strike
2-1: Called Strike
2-2: Foul Ball, location: 2F
2-2: Ground out 4-3 (Groundball, 4)
Batting: LHB Eddie Nealon 0-0: Called Strike
0-1: Called Strike
0-2: Ball
1-2: Ball
2-2: Foul Ball, location: 2F
2-2: Strikes out swinging
Batting: RHB Jonathon García 0-0: Ball
1-0: Called Strike
1-1: Ball
2-1: Ball
3-1: Base on Balls
Batting: RHB Carlos Dumenigo 0-0: Called Strike
0-1: Swinging Strike
0-2: Foul Ball, location: 2F
0-2: Ball
1-2: Strikes out looking
Top of the 4th over - 0 run(s), 0 hit(s), 0 error(s), 1 left on base; Amity Gardens 1 - Gilbert 0
BOTTOM OF THE 4TH
Gilbert Fire Fighters batting - Pitching for Amity Gardens Westerners : RHP Corey Brown
Batting: LHB Mark Sanders 0-0: SOLO HOME RUN (Flyball, 9D), Distance : 428 ft
Batting: LHB Matt Moore 0-0: Fly out, F1 (Line Drive, 15)
Batting: RHB Bill Salinas 0-0: Ground out 6-3 (Groundball, 6)
Batting: SHB José Salazar 0-0: Called Strike
0-1: Foul Ball, location: 2F
0-2: Strikes out looking
Bottom of the 4th over - 1 run(s), 1 hit(s), 0 error(s), 0 left on base; Amity Gardens 1 - Gilbert 1
TOP OF THE 5TH
Amity Gardens Westerners batting - Pitching for Gilbert Fire Fighters : LHP Jesús Acosta
Batting: RHB Gustavo Todd 0-0: Called Strike
0-1: Foul Ball, location: 2F
0-2: Strikes out swinging
Batting: RHB Jorge García 0-0: Called Strike
0-1: Ball
1-1: Ground out 6-3 (Groundball, 6MD)
Batting: RHB Tomás Rivera 0-0: SINGLE (Flyball, 9LS)
Batting: RHB Mel Wells 0-0: Foul Ball, location: 2F
0-1: Ball
1-1: Swinging Strike
1-2: Strikes out swinging
Top of the 5th over - 0 run(s), 1 hit(s), 0 error(s), 1 left on base; Amity Gardens 1 - Gilbert 1
BOTTOM OF THE 5TH
Gilbert Fire Fighters batting - Pitching for Amity Gardens Westerners : RHP Corey Brown
Batting: RHB John Field 0-0: Called Strike
0-1: Swinging Strike
0-2: Ground out 6-3 (Groundball, 56)
Batting: RHB Jesús Acosta 0-0: Ball
1-0: Called Strike
1-1: Ground out 4-3 (Groundball, 4)
Batting: RHB Iván Romero 0-0: Ball
1-0: Fly out, F8 (Flyball, 8LM)
Bottom of the 5th over - 0 run(s), 0 hit(s), 0 error(s), 0 left on base; Amity Gardens 1 - Gilbert 1
TOP OF THE 6TH
Amity Gardens Westerners batting - Pitching for Gilbert Fire Fighters : LHP Jesús Acosta
Batting: RHB Pat Johnston 0-0: Ball
1-0: Foul Ball, location: 2F
1-1: Swinging Strike
1-2: Foul Ball, location: 2F
1-2: Foul Ball, location: 2F
1-2: Fly out, F9 (Flyball, 9S)
Batting: SHB Chris Barrett 0-0: Swinging Strike
0-1: Ball
1-1: Fly out, F8 (Flyball, 8LD)
Batting: LHB Eddie Nealon 0-0: Ball
1-0: Ball
2-0: Called Strike
2-1: Ball
3-1: SOLO HOME RUN (Flyball, 9D), Distance : 405 ft
Batting: RHB Jonathon García 0-0: Called Strike
0-1: Called Strike
0-2: Ball
1-2: Ball
2-2: Strikes out swinging
Top of the 6th over - 1 run(s), 1 hit(s), 0 error(s), 0 left on base; Amity Gardens 2 - Gilbert 1
BOTTOM OF THE 6TH
Gilbert Fire Fighters batting - Pitching for Amity Gardens Westerners : RHP Corey Brown
Batting: RHB Alfonso Santiago 0-0: Called Strike
0-1: Swinging Strike
0-2: Foul Ball, location: 2F
0-2: Strikes out swinging
Batting: RHB Ramón Maldonado 0-0: DOUBLE (Line Drive, 9LM)
Batting: LHB Mark Sanders 0-0: Ball
Ramón Maldonado is caught stealing 3rd base
1-0: Called Strike
1-1: Ball
2-1: Foul Ball, location: 2F
2-2: Strikes out swinging, 2-3 out at first.
Bottom of the 6th over - 0 run(s), 1 hit(s), 0 error(s), 0 left on base; Amity Gardens 2 - Gilbert 1
TOP OF THE 7TH
Amity Gardens Westerners batting - Pitching for Gilbert Fire Fighters : LHP Jesús Acosta
Pitching: RHP António Serrano
Batting: RHB Carlos Dumenigo 0-0: Ball
1-0: Foul Ball, location: 2F
1-1: Ball
2-1: Called Strike
2-2: Strikes out swinging
Batting: RHB Gustavo Todd 0-0: Foul Ball, location: 2F
0-1: Ball
1-1: Called Strike
1-2: Ball
2-2: Strikes out swinging
Batting: RHB Jorge García 0-0: DOUBLE (Line Drive, 78M)
Pinch Hitting: RHB Xavier Silva 0-0: Called Strike
0-1: Foul Ball, location: 2F
0-2: Ball
1-2: Ground out 6-3 (Groundball, 6)
Top of the 7th over - 0 run(s), 1 hit(s), 0 error(s), 1 left on base; Amity Gardens 2 - Gilbert 1
BOTTOM OF THE 7TH
Gilbert Fire Fighters batting - Pitching for Amity Gardens Westerners : RHP Corey Brown
Now in LF: Manny Olhoa
Batting: LHB Matt Moore 0-0: Ball
1-0: Ground out 4-3 (Groundball, 34)
Batting: RHB Bill Salinas 0-0: Ball
1-0: Ground out U3 (Groundball, 34)
Batting: SHB José Salazar 0-0: Ball
1-0: Ball
2-0: SINGLE (Groundball, 4MD)
Batting: RHB John Field 0-0: Called Strike
0-1: Ball
1-1: Called Strike
1-2: Fly out, F7 (Flyball, 7)
Bottom of the 7th over - 0 run(s), 1 hit(s), 0 error(s), 1 left on base; Amity Gardens 2 - Gilbert 1
TOP OF THE 8TH
Amity Gardens Westerners batting - Pitching for Gilbert Fire Fighters : RHP António Serrano
Batting: RHB Mel Wells 0-0: Called Strike
0-1: Ball
1-1: Swinging Strike
1-2: Strikes out swinging
Batting: RHB Pat Johnston 0-0: Swinging Strike
0-1: Swinging Strike
0-2: Ball
1-2: Ball
2-2: Foul Ball, location: 2F
2-2: Strikes out looking
Batting: SHB Chris Barrett 0-0: Ground out 5-3 (Groundball, 56S)
Top of the 8th over - 0 run(s), 0 hit(s), 0 error(s), 0 left on base; Amity Gardens 2 - Gilbert 1
BOTTOM OF THE 8TH
Gilbert Fire Fighters batting - Pitching for Amity Gardens Westerners : RHP Corey Brown
Now at 3B: Luis López
Batting: RHB Jesús Acosta 0-0: Ground out U3 (Groundball, 3S)
Batting: RHB Iván Romero 0-0: Foul Ball, location: 2F
0-1: Called Strike
0-2: Ball
1-2: Ball
2-2: Strikes out swinging
Batting: RHB Alfonso Santiago 0-0: Foul Ball, location: 2F
0-1: Ball
1-1: Foul Ball, location: 2F
1-2: Foul Ball, location: 2F
1-2: Strikes out looking
Bottom of the 8th over - 0 run(s), 0 hit(s), 0 error(s), 0 left on base; Amity Gardens 2 - Gilbert 1
TOP OF THE 9TH
Amity Gardens Westerners batting - Pitching for Gilbert Fire Fighters : RHP António Serrano
Batting: LHB Eddie Nealon 0-0: Called Strike
0-1: Ball
1-1: Swinging Strike
1-2: Fly out, F6 (Line Drive, 6M)
Batting: RHB Jonathon García 0-0: Ball
1-0: Ground out 5-3 (Groundball, 5)
Batting: RHB Carlos Dumenigo 0-0: Foul Ball, location: 2F
0-1: Ball
1-1: Foul Ball, location: 2F
1-2: Ball
2-2: Ball
3-2: Fly out, F7 (Flyball, 7LSF)
Top of the 9th over - 0 run(s), 0 hit(s), 0 error(s), 0 left on base; Amity Gardens 2 - Gilbert 1
BOTTOM OF THE 9TH
Gilbert Fire Fighters batting - Pitching for Amity Gardens Westerners : RHP Corey Brown
Pitching: LHP Rodrigo Freitas
Now in CF: Josh Bergman
Batting: RHB Ramón Maldonado 0-0: Called Strike
0-1: Swinging Strike
0-2: Ball
1-2: Ball
2-2: Strikes out looking
Batting: LHB Mark Sanders 0-0: Fly out, F6 (Line Drive, 6)
Batting: LHB Matt Moore 0-0: Ball
1-0: SINGLE (Flyball, 7S)
Batting: RHB Bill Salinas 0-0: Ball
1-0: Ball
2-0: Foul Ball, location: 2F
2-1: Fly out, F8 (Flyball, 8RM)
Bottom of the 9th over - 0 run(s), 1 hit(s), 0 error(s), 1 left on base; Amity Gardens 2 - Gilbert 1
Tuesday, August 8th, 2017 - OOTP Baseball 17.12 Build 75